 Dungeon Crawl Stone Soup version 0.30-a0-772-g5528072125 (webtiles) character file.

Game seed: 15483182077779825799

105 dolemite99 the Shooter (level 4, -5/33 HPs)
             Began as a Demonspawn Hunter on Feb 13, 2023.
             Was an Initiate of Ru.
             Succumbed to a scorpion's poison
             ... on level 4 of the Dungeon.
             The game lasted 00:02:40 (2112 turns).

dolemite99 the Shooter (Demonspawn Hunter)          Turns: 2112, Time: 00:02:40

Health: -5/33      AC:  5    Str: 11    XL:     4   Next: 54%
Magic:  4/4        EV: 14    Int: 10    God:    Ru [......]
Gold:   114        SH:  0    Dex: 19    Spells: 3/3 levels left

rFire   . . .      SeeInvis .    a - +0 shortbow
rCold   . . .      Faith    .    (shield currently unavailable)
rNeg    . . .      Spirit   .    c - +0 leather armour
rPois   .          Reflect  .    l - +0 helmet
rElec   .          Harm     .    o - +0 cloak
rCorr   .          Rampage  .    (no gloves)
Will    .....                    (no boots)
Stlth   ++                       (no amulet)
HPRegen 0.25/turn                (no ring)
MPRegen 0.09/turn                (no ring)

@: lethally poisoned (-5 -> -24)
A: hooves 1, repulsion field 1
a: Renounce Religion


You were on level 4 of the Dungeon.
You worshipped Ru.
Ru was noncommittal.
You visited 1 branch of the dungeon, and saw 4 of its levels.

You collected 114 gold pieces.

Inventory:

Hand Weapons
 a - a +0 shortbow (weapon)
Armour
 c - a +0 leather armour (worn)
 l - a +0 helmet (worn)
 o - a +0 cloak (worn)
 p - a +0 cloak
 q - a +2 hat
Scrolls
 b - a scroll of immolation
 d - a scroll of poison {unknown}
 e - 2 scrolls of magic mapping
 f - 3 scrolls of identify {@r1}
 h - a scroll of summoning {unknown}
 i - 2 scrolls of enchant weapon {unknown}
 m - a scroll of teleportation {unknown}
Potions
 k - a potion of haste {unknown}
 n - a potion of lignification {unknown}


   Skills:
 - Level 2.0 Fighting
 + Level 5.5 Ranged Weapons
 - Level 1.7 Dodging
 - Level 0.8 Stealth


You had 3 spell levels left.
You didn't know any spells.
Your spell library contained the following spells:

 Spells                   Type           Power      Damage    Failure   Level
 Anguish                  Hex/Necr       0%         N/A       99%         4
 Summon Ice Beast         Ice/Summ       0%         N/A       99%         4
 Summon Mana Viper        Hex/Summ       0%         N/A       100%        5
 Enfeeble                 Hex            0%         N/A       100%        7
 Monstrous Menagerie      Summ           0%         N/A       100%        7


Dungeon Overview and Level Annotations

Branches:
Dungeon (4/15)
 Temple: D:4-7

Altars:
Ru

Shops:
D:1 (


Innate Abilities, Weirdness & Mutations

You have large cloven feet.
You are surrounded by a mild repulsion field. (EV +2)


Message History

Press: ? - help, Q - select action Shift-Dir - straight line, f/p - scorpion
Aim: a scorpion (lightly wounded, 64% to hit)
You shoot an arrow. The arrow hits the scorpion.
The scorpion is moderately wounded.
The scorpion closely misses you. The scorpion stings you.
You are poisoned.
The scorpion poisons you!
Fire: a) +0 shortbow
Press: ? - help, Q - select action Shift-Dir - straight line, f/p - scorpion
Aim: a scorpion (moderately wounded, 64% to hit)
You shoot an arrow. The arrow barely misses the scorpion.
You feel very sick. The scorpion stings you!
You are lethally poisoned!
The scorpion poisons you!
The scorpion stings you but does no damage.
Fire: a) +0 shortbow
Press: ? - help, Q - select action Shift-Dir - straight line, f/p - scorpion
Aim: a scorpion (moderately wounded, 64% to hit)
You shoot an arrow. The arrow closely misses the scorpion.
You feel very sick. The scorpion stings you.
* * * LOW HITPOINT WARNING * * *
You are more poisoned.
The scorpion poisons you!
Fire: a) +0 shortbow
Press: ? - help, Q - select action Shift-Dir - straight line, f/p - scorpion
Aim: a scorpion (moderately wounded, 64% to hit)
You shoot an arrow. The arrow hits the scorpion.
The scorpion is heavily wounded.
* * * LOW HITPOINT WARNING * * *
You feel extremely sick. The scorpion completely misses you.
Fire: a) +0 shortbow
Press: ? - help, Q - select action Shift-Dir - straight line, f/p - scorpion
Aim: a scorpion (heavily wounded, 64% to hit)
You shoot an arrow.
The arrow hits the scorpion but does no damage.
The scorpion is heavily wounded.
You die...

#.####### #.......#
###########'## .
.............# ..
########.....# ...
#...#.....# ....
#.#.#.....# .....
#.#.#.##'######......
#.#<#.##.@s..).......
#.###.#########......
#............ .s...
#####.####### ....
#........ ...
######### .. .


You could see a scorpion.

Vanquished Creatures
  4 adders (D:2)
  2 worms
  A dart slug (D:1)
  An orc (D:3)
  8 endoplasms
  4 giant cockroaches
  4 goblins
  4 hobgoblins
  4 jackals (D:2)
  5 kobolds
  3 quokkas (D:2)
  A ball python (D:3)
  4 bats
  6 frilled lizards
  4 rats
55 creatures vanquished.

Notes
Turn   | Place    | Note
-------+----------+-------------------------------------------
     0 | D:1      | dolemite99 the Demonspawn Hunter began the quest for the
                  | Orb.
     0 | D:1      | Reached XP level 1. HP: 16/16 MP: 1/1
    49 | D:1      | Reached skill level 4 in Ranged Weapons
    65 | D:1      | Gained mutation: You have large cloven feet. [demonic
                  | ancestry]
    65 | D:1      | Reached XP level 2. HP: 18/22 MP: 2/2
   708 | D:1      | Found Ythreluo's Weapon Boutique.
   900 | D:2      | Gained mutation: You are surrounded by a mild repulsion
                  | field. (EV +2) [demonic ancestry]
   900 | D:2      | Reached XP level 3. HP: 18/27 MP: 3/3
  1171 | D:2      | Reached skill level 5 in Ranged Weapons
  1180 | D:2      | Reached XP level 4. HP: 15/33 MP: 4/4
  1184 | D:2      | HP: 1/33 [poisoned by an adder]
  1456 | D:2      | Found a sacrificial altar of Ru.
  1475 | D:2      | Became a worshipper of Ru the Awakened
  2096 | D:4      | Noticed a scorpion
  2111 | D:4      | HP: 1/33 [poisoned by a scorpion]
  2112 | D:4      | Succumbed to a scorpion's poison

Illustrated notes

Levels and vault maps discovered:
D:1:      scummos_arrival_hexagon, layout_loops_cross, serial_forest,
          infiniplex_forest_lined_room_2, infiniplex_forest_end_2,
          infiniplex_forest_lined_3_way, infiniplex_forest_clump_double,
          infiniplex_forest_fountain, serial_shops, shop_fountains,
          kennysheep_another_room, minmay_tripent
D:2:      minmay_inner_zag, layout_basic, basic_altar, st_stairs_9
D:3:      layout_rooms, ebering_ecumenical_altar_abandoned,
          wander_ebering_terrifying_dragon_lair
D:4:      layout_basic, nicolae_dithmenos_shadow_blocks,
          gup_sewer_entry_bubbles, serial_shops,
          nicolae_shop_competitors_out_of_business

Skill      XL: |  1  2  3 |
---------------+----------+-----
Ranged Weapons | 4 5 |  5.5
Fighting       | |  2.0
Dodging        | |  1.7
Stealth        | |  0.8

Action                     |  1- 3 |  4- 6 || total
---------------------------+-------+-------++-------
   Fire: Shortbow          |    97 |    67 ||   164
  Throw: Throwing net      |       |     1 ||     1
    Use: Potion            |       |     3 ||     3
         Scroll            |       |     1 ||     1
 Armour: Leather armour    |    26 |    19 ||    45
  Dodge: Dodged            |    66 |    36 ||   102

Table legend: (Time is in decaauts)
 A = Elapsed time spent in this place.
 B = Non-inter-level travel time spent in this place.
 C = Inter-level travel time spent in this place.
 D = Time resting spent in this place.
 E = Time spent auto-exploring this place.
 F = Levels seen in this place.
 G = Mean time per level.
                   A        B        C        D        E       F      G
               +--------+--------+--------+--------+--------+-----+--------+
         Total |   2163 |   2116 |     47 |    537 |   1130 |   4 |  540.8 |
       Dungeon |   2163 |   2116 |     47 |    537 |   1130 |   4 |  540.8 |
               +--------+--------+--------+--------+--------+-----+--------+

Top non-repeatable levels by time:
     D:2: 1064 daAuts
     D:1: 885 daAuts
     D:4: 133 daAuts
     D:3: 80 daAuts
